 Dungeon Crawl Stone Soup version 0.24.0-13-gcf9b319 (webtiles) character file.

Game seed: 8825842513341090364, levelgen mode: deterministic

34 Bronimir the Gusty (level 3, 0/19 HPs)
             Began as a Tengu Air Elementalist on Mar 28, 2020.
             Shot with a stone by a goblin (4 damage)
             ... led by Robin
             ... on level 1 of the Dungeon.
             The game lasted 00:02:43 (1226 turns).

Bronimir the Gusty (Tengu Air Elementalist)         Turns: 1226, Time: 00:02:44

Health: 0/19       AC:  2    Str:  8    XL:     3   Next: 31%
Magic:  0/7        EV: 12    Int: 16    God:
Gold:   75         SH:  0    Dex: 14    Spells: 0/6 levels left

rFire    . . .     SeeInvis .   e - +0 whip
rCold    . . .     Gourm    .   (no shield)
rNeg     . . .     Faith    .   a - +0 robe
rPois    .         Spirit   +   (helmet restricted)
rElec    .         Reflect  .   k - scarf {Spirit}
rCorr    .         Harm     .   (no gloves)
MR       .....                  (boots unavailable)
Stlth    ++........             (no amulet)
HPRegen  0.06/turn              (no ring)
MPRegen  0.10/turn              (no ring)

@: no status effects
A: beak, talons 3
a: no special abilities


You were on level 1 of the Dungeon.
You were hungry.

You visited 1 branch of the dungeon, and saw 2 of its levels.

You collected 75 gold pieces.

Inventory:

Hand Weapons
 e - a +0 whip (weapon)
Missiles
 b - 33 stones (quivered)
 d - 8 boomerangs
 g - 10 arrows
Armour
 a - a +0 robe (worn)
 k - a scarf of spirit shield (worn)
Scrolls
 f - 3 scrolls of blinking {unknown}
 h - 4 scrolls of identify {unknown}
 i - a scroll of amnesia {unknown}
 l - a scroll of noise {unknown}
 n - a scroll of remove curse {unknown}
Potions
 j - a potion of cancellation {unknown}
Comestibles
 c - 2 rations


   Skills:
 * Level 0.3 Armour
 + Level 2.2 Dodging
 - Level 2.0 Stealth
 * Level 2.3 Spellcasting
 * Level 2.0 Conjurations
 * Level 5.0 Air Magic


You couldn't memorise any spells.
You knew the following spells:

 Your Spells              Type           Power        Failure   Level  Hunger
a - Shock                 Conj/Air       ##..         4%          1    #......
b - Swiftness             Chrm/Air       #.......     11%         2    ###....
c - Static Discharge      Conj/Air       ##......     14%         3    ###....

Your spell library contained the following spells:

 Spells                   Type           Power        Failure   Level  Hunger
 Airstrike                Air            ###.......   26%         4    #####..
 Lightning Bolt           Conj/Air       ##........   78%         5    ######.


Dungeon Overview and Level Annotations

Branches:
Dungeon (2/15)

Altars:


Innate Abilities, Weirdness & Mutations

You have a beak for a mouth.
You have claws for feet.


Message History

You kill the goblin!
The zap hits the goblin.
You kill the goblin!
The zap hits the goblin.
The goblin is heavily wounded.
You are feeling hungry.
You climb upwards.
There is a stone staircase leading down here.
Casting: Shock (safe; 4% risk of failure)
Confirm with . or Enter, or press ? or * to list all spells.
You don't have enough magic to cast that spell.
Unknown command.
The goblin unwields a +0 hunting sling.
The goblin wields a +0 club.
The goblin closely misses you.
The goblin unwields a +0 club.
The goblin wields a +0 hunting sling.
The goblin shoots a stone.
The stone closely misses you.
The goblin shoots a stone.
The stone closely misses you.
You see here a stone.
The goblin shoots a stone.
The stone hits you.
You die...

[.#.....§§≈≈≈§≈§≈≈≈≈.....# #.#
..#.....≈§≈≈≈≈.≈≈§≈≈≈....# #.#
..#.....≈≈≈≈≈...≈≈§§≈....# #.#
..#....§≈≈§.......≈§§≈...# #.#
..#....§≈.........§§§§...## #.#
###...≈.....#.........≈...###.#
#.........#.................#
#.........##..#(..#########.#
##.###.##.....@(..># #.# #.#
#.########.##g# #.#
###'###..........#..# #.#
#....#########...#.## #.##
#....# #...#.# #..#
##....#########...#.# ##.#
..............'...#.##########.#
######.########...........[..#.#
#.# #.....########...#


You could see a goblin.

Vanquished Creatures
  2 dart slugs
  2 leopard geckos (D:1)
  A ball python (D:1)
  2 bats (D:1)
  5 giant cockroaches
  4 goblins
  2 hobgoblins (D:1)
  2 jackals (D:1)
  3 frilled lizards
  2 rats (D:1)
25 creatures vanquished.

Notes
Turn   | Place    | Note
-------+----------+-------------------------------------------
     0 | D:1      | Bronimir the Tengu Air Elementalist began the quest for the
                  | Orb.
     0 | D:1      | Reached XP level 1. HP: 10/10 MP: 4/4
   342 | D:1      | Reached XP level 2. HP: 12/15 MP: 4/6
   497 | D:1      | Learned a level 2 spell: Swiftness
   520 | D:1      | You fall into a shaft and drop 1 floor!
   863 | D:1      | Reached XP level 3. HP: 19/19 MP: 2/7
  1083 | D:2      | Learned a level 3 spell: Static Discharge
  1083 | D:2      | Reached skill level 5 in Air Magic
  1226 | D:1      | Shot with a stone by a goblin

Levels and vault maps discovered:
D:1:      onia_arrival_pentagram, layout_basic, minmay_close_crescents
D:2:      layout_loops_cross, vehumet_crystals, minmay_tetromino_s4,
          uniq_sigmund, uniq_robin

Skill      XL: |  1  2  3 |
---------------+----------+-----
Air Magic      | 5 |  5.0
Conjurations   | 2 |  2.0
Armour         | |  0.3
Dodging        | |  2.2
Stealth        | |  2.0
Spellcasting   | |  2.3

Action                   || total
-------------------------++-------
Melee: Whip              ||    27
       Peck              ||     4
       Kick              ||     5
 Cast: Shock             ||    36
 Stab: Sleeping          ||     3
  Eat: Chunk             ||     1
Armor: Robe              ||     9
Dodge: Dodged            ||    35
